 Dungeon Crawl Stone Soup version 0.26.0-16-gc1dbca0489 (webtiles) character file.

Game seed: 11580288341622084556

354 kaeus the Skirmisher (level 6, 0/49 HPs)
             Began as a Demonspawn Fighter on Jan 21, 2021.
             Succumbed to an orc's poison
             ... on level 4 of the Dungeon.
             The game lasted 00:03:59 (2732 turns).

kaeus the Skirmisher (Demonspawn Fighter)           Turns: 2732, Time: 00:03:59

Health: 0/49       AC: 15    Str: 18 (19) XL:     6   Next: 35%
Magic:  6/6        EV:  3    Int:  6 (9)  God:
Gold:   203        SH:  9    Dex: 11 (12) Spells: 5/5 levels left

rFire    . . .     SeeInvis .   a - +0 war axe
rCold    . . .     Faith    .   c - +0 kite shield
rNeg     . . .     Spirit   .   p - +0 plate armour
rPois    .         Reflect  .   (no helmet)
rElec    .         Harm     .   (no cloak)
rCorr    .         Rampage  .   (no gloves)
Will     .....                  (no boots)
Stlth    ..........             (no amulet)
HPRegen  0.16/turn              f - ring of flight
MPRegen  0.10/turn              j - +4 ring of protection

@: lethally poisoned (0 -> -16), berserk cooldown, slowed, very slow
A: demonic guardian 1, spiny 1
a: Evoke Flight


You were on level 4 of the Dungeon.
You visited 1 branch of the dungeon, and saw 4 of its levels.

You collected 203 gold pieces.

Inventory:

Hand Weapons
 a - a +0 war axe (weapon)
Armour
 c - a +0 kite shield (worn)
 p - a +0 plate armour (worn)
Jewellery
 f - a ring of flight (left hand)
 h - an uncursed ring of resist corrosion
 j - a +4 ring of protection (right hand)
Scrolls
 b - 4 scrolls of remove curse
 e - 4 scrolls of teleportation {unknown}
 g - a scroll of enchant armour {unknown}
 i - a scroll of amnesia {unknown}
 k - a scroll of noise {unknown}
 l - 2 scrolls of identify
 n - a scroll of fog {unknown}
 o - a scroll of blinking {unknown}
 r - a scroll of magic mapping {unknown}
Potions
 d - a potion of might


   Skills:
 + Level 4.4 Fighting
 + Level 3.3 Axes
 + Level 4.0 Armour
 + Level 4.0 Shields


You had 5 spell levels left.
You didn't know any spells.
Your spell library contained the following spells:

 Spells                   Type           Power        Failure   Level
 Irradiate                Conj/Tmut      0%           100%        5
 Hydra Form               Tmut           0%           100%        6
 Statue Form              Tmut/Erth      0%           100%        6
 Dragon Form              Tmut           0%           100%        7


Dungeon Overview and Level Annotations

Branches:
Dungeon (4/15)
 Temple: D:4-7

Altars:


Innate Abilities, Weirdness & Mutations

A weak demonic guardian rushes to your aid.
You are partially covered in sharp spines.


Message History

You feel sick.
Things that are here:
a +0 dagger; a +0 robe
* * * LOW HITPOINT WARNING * * *
You feel sick.
Things that are here:
a +0 dagger; a +0 robe; an orc corpse You feel your anger nearly subside.
You are no longer berserk.
You are exhausted.
You feel yourself slow down.
* * * LOW HITPOINT WARNING * * *
You feel sick.
Your white imp disappears in a puff of smoke!
Things that are here:
a +0 falchion; a +0 leather armour; a giant cockroach corpse
There is a lethal amount of poison in your body!
As you read the scroll labelled MYWNOTECZE, it crumbles to dust.
It is a scroll of identify.
b - 4 scrolls of remove curse You die...

#. ##........ .#
##......... #.....## #.
##.......... ........##.#
#........... ............
#...........
............##...........
.............#...).).....
...........#.....§.......
..........#..#..@).......
.........#..####.........
........#..## ##........
#.......#.## ##.......
##...[....# #......
###.....###. #.....
##.†....... #....
##........ .###
..........


There were no monsters in sight!

Vanquished Creatures
  4 orc wizards (D:4)
  2 worker ants (D:4)
  An adder (D:3)
  An ooze (D:1)
  A worm (D:2)
  4 dart slugs
  3 leopard geckos
  2 orcs (D:4)
  12 bats
  6 giant cockroaches
  4 goblins
  9 hobgoblins
  3 jackals (D:3)
  A quokka (D:2)
  2 ball pythons (D:1)
  3 frilled lizards
  3 kobolds (D:1)
  9 rats
70 creatures vanquished.

Vanquished Creatures (collateral kills)
  A phantom (D:4)
  2 orc priests (D:4)
  An adder (D:4)
  2 orcs (D:4)
6 creatures vanquished.

Grand Total: 76 creatures vanquished

Notes
Turn   | Place    | Note
-------+----------+-------------------------------------------
     0 | D:1      | kaeus the Demonspawn Fighter began the quest for the Orb.
     0 | D:1      | Reached XP level 1. HP: 18/18 MP: 1/1
    57 | D:1      | Gained mutation: A weak demonic guardian rushes to your
                  | aid. [demonic ancestry]
    57 | D:1      | Reached XP level 2. HP: 21/24 MP: 2/2
   480 | D:1      | Gained mutation: You are partially covered in sharp spines.
                  | [demonic ancestry]
   480 | D:1      | Reached XP level 3. HP: 29/29 MP: 3/3
  1644 | D:2      | Reached XP level 4. HP: 33/35 MP: 4/4
  2497 | D:4      | Reached XP level 5. HP: 22/42 MP: 5/5
  2708 | D:4      | Noticed a phantom
  2719 | D:4      | Reached XP level 6. HP: 17/48 MP: 6/6
  2731 | D:4      | HP: 2/49 [poisoned by an orc]
  2732 | D:4      | Succumbed to an orc's poison

Illustrated notes

Levels and vault maps discovered:
D:1:      dpeg_arrival_round_c, layout_basic
D:2:      layout_loops_ring, serial_rivers, chequers_serial_rivers_small_3,
          chequers_serial_rivers_small_b, chequers_serial_rivers_micro_c,
          chequers_serial_rivers_micro_c, lemuel_flame_loot_1
D:3:      layout_loops_ring
D:4:      layout_cave_pods

Skill      XL: |  1  2  3  4  5  6 |
---------------+-------------------+-----
Axes           | 2 3 |  3.3
Armour         | 3 4 |  4.0
Shields        | 3 4 |  4.0
Fighting       | 4 |  4.4

Action                   |  1- 3 |  4- 6 || total
-------------------------+-------+-------++-------
Melee: War axe           |   104 |    51 ||   155
  Use: Potion            |       |     2 ||     2
       Scroll            |       |     1 ||     1
Armor: Scale mail        |    39 |       ||    39
       Plate armour      |     2 |    32 ||    34
Dodge: Dodged            |    25 |    10 ||    35
Block: Kite shield       |    61 |    29 ||    90
